 Dungeon Crawl Stone Soup version 0.17.1-3-g152610e (webtiles) character file.

186 manyhoops the Slasher (level 5, 0/41 HPs)
             Began as a Demonspawn Gladiator on Apr 25, 2016.
             Killed by divine providence
             ... invoked by an orc priest
              (11 damage)
             ... on level 4 of the Dungeon.
             The game lasted 00:03:51 (3457 turns).

manyhoops the Slasher (Demonspawn Gladiator)        Turns: 3457, Time: 00:03:51

Health: 0/41       AC: 14    Str: 16    XL:     5   Next: 38%
Magic:  0/5        EV:  5    Int: 10    God:
Gold:   117        SH:  0    Dex: 13    Spells: 0 memorised, 4 levels left

rFire  . . .     SeeInvis .     a - +0 long sword
rCold  . . .     Clarity  .     k - +0 plate armour
rNeg   . . .     SustAt   .     (no shield)
rPois  .         Gourm    .     c - +0 helmet
rElec  .         Spirit   +     (no cloak)
rCorr  .         Warding  .     (no gloves)
rMut   .         Stasis   .     (no boots)
MR     .....                    (no amulet)
Stlth  ..........               (no ring)
                                (no ring)

@: not resistant to hostile enchantments, extremely unstealthy
A: slimy green scales 1, magic shield
a: no special abilities


You were on level 4 of the Dungeon.
You were not hungry.

You visited 1 branch of the dungeon, and saw 4 of its levels.

You collected 117 gold pieces.

Inventory:

Hand Weapons
 a - a +0 long sword (weapon)
 p - a +1 mace of crushing
Missiles
 d - 3 throwing nets (quivered)
Armour
 c - a +0 helmet (worn)
 k - a +0 plate armour (worn)
 r - a +0 chain mail of cold resistance
Scrolls
 f - a scroll of enchant armour {unknown}
 g - a scroll of teleportation {unknown}
 i - a scroll of remove curse {unknown}
 n - 2 scrolls of identify {unknown}
Potions
 b - a potion of brilliance {unknown}
 h - a potion of agility {unknown}
 j - 2 potions of degeneration {unknown}
 l - 3 potions of heal wounds {unknown}
 q - a potion of experience {unknown}
 s - a potion of curing
Comestibles
 e - 2 bread rations
 m - 2 fruits
 o - a beef jerky


   Skills:
 + Level 3.0 Fighting
 + Level 3.9 Long Blades
 - Level 1.7 Throwing
 + Level 3.1 Armour
 - Level 2.6 Dodging


You had 4 spell levels left.
You didn't know any spells.

Dungeon Overview and Level Annotations

Branches:
Dungeon (4/15)
 Temple: D:4-7

Altars:
Elyvilon


Innate Abilities, Weirdness & Mutations

You are partially covered in slimy green scales (AC +2).
When hurt, damage is shared between your health and your magic reserves.


Message History

Something smites you! The orc hits you with a dagger. The orc hits you.
The orc barely misses you.
The orc priest calls down the wrath of Beogh upon you.
Pain shoots through your body! The orc hits you but does no damage.
You closely miss the orc priest. The orc barely misses you.
The orc hits you with a flail.
* * * LOW HITPOINT WARNING * * *
The orc barely misses you.
The orc priest hits you but does no damage.
The orc barely misses you.
You are too injured to fight recklessly!
You are too injured to fight recklessly!
You are too injured to fight recklessly!
You are too injured to fight recklessly!
You are too injured to fight recklessly!
You are too injured to fight recklessly!
The orc hits you but does no damage.
The orc priest invokes the aid of Beogh against you.
Something smites you!
You die...

................
..(..............
.................
..........?......
.................
.................
.......oo........
.......oo........
.......@o........
.................
.................
.................
.................
........########.
.######.# ###


You could see an orc priest, an orc wizard and 3 orcs.

Vanquished Creatures
  An orc priest (D:3)
  Terence (D:2)
  5 adders
  2 worms
  4 giant geckos
  5 orcs (D:3)
  7 bats
  4 giant cockroaches
  6 goblins
  10 hobgoblins
  6 jackals (D:1)
  11 kobolds
  A ball python (D:2)
  A giant newt (D:1)
  6 rats
70 creatures vanquished.

Notes
Turn   | Place    | Note
--------------------------------------------------------------
     0 | D:1      | manyhoops the Demonspawn Gladiator began the quest for the Orb.
     0 | D:1      | Reached XP level 1. HP: 16/16 MP: 1/1
   295 | D:1      | Gained mutation: You are partially covered in slimy green scales (AC +2). [demonic ancestry]
   295 | D:1      | Reached XP level 2. HP: 19/22 MP: 2/2
   315 | D:1      | Reached skill level 1 in Armour
   397 | D:1      | Reached skill level 3 in Long Blades
   783 | D:1      | Reached XP level 3. HP: 23/28 MP: 3/3
  1632 | D:2      | HP: 1/28 [adder (3)]
  1963 | D:2      | Gained mutation: When hurt, damage is shared between your health and your magic reserves. [demonic ancestry]
  1963 | D:2      | Reached XP level 4. HP: 20/34 MP: 4/4
  2319 | D:3      | Found a white marble altar of Elyvilon.
  2319 | D:3      | Noticed Terence
  2337 | D:2      | Killed Terence
  2546 | D:3      | Reached XP level 5. HP: 24/40 MP: 1/5
  3457 | D:4      | Killed from afar by an orc priest

Action                   |  1- 3 |  4- 6 || total
-------------------------+-------+-------++-------
Melee: Long sword        |   226 |   147 ||   373
  Use: Potion            |     3 |       ||     3
  Eat: Chunk             |     4 |     5 ||     9
